 Dungeon Crawl Stone Soup version 0.27.1 (webtiles) character file.

Game seed: 3381840317189452919

70 Destapler the Shield-Bearer (level 3, -1/31 HPs)
             Began as a Demigod Fighter on Aug 30, 2021.
             Slain by a goblin (5 damage)
             ... led by Robin
             ... on level 2 of the Dungeon.
             The game lasted 00:01:15 (1598 turns).

Destapler the Shield-Bearer (Demigod Fighter)       Turns: 1598, Time: 00:01:16

Health: -1/31      AC:  6    Str: 21    XL:     3   Next: 76%
Magic:  5/5        EV:  7    Int: 10    God:
Gold:   36         SH:  9    Dex: 13    Spells: 2/2 levels left

rFire    . . .     SeeInvis .   a - +0 flail
rCold    . . .     Faith    .   c - +0 kite shield
rNeg     . . .     Spirit   .   b - +0 scale mail
rPois    .         Reflect  .   (no helmet)
rElec    .         Harm     .   (no cloak)
rCorr    .         Rampage  .   (no gloves)
Will     .....                  (no boots)
Stlth    ..........             (no amulet)
HPRegen  0.10/turn              (no ring)
MPRegen  0.09/turn              (no ring)

@: mighty
A: high mp 1, forlorn
a: no special abilities


You were on level 2 of the Dungeon.
You visited 1 branch of the dungeon, and saw 2 of its levels.

You collected 36 gold pieces.

Inventory:

Hand Weapons
 a - a +0 flail (weapon)
Armour
 b - a +0 scale mail (worn)
 c - a +0 kite shield (worn)
Scrolls
 e - 2 scrolls of identify {unknown}
Potions
 f - a potion of mutation {unknown}


   Skills:
 + Level 3.2 Fighting
 + Level 2.5 Maces & Flails
 + Level 3.2 Armour
 + Level 3.2 Shields


You had 2 spell levels left.
You didn't know any spells.
Your spell library contained the following spells:

 Spells                   Type           Power      Damage    Failure   Level
 Sandblast                Erth           0%         2d4       99%         1
 Passwall                 Tmut/Erth      0%         N/A       100%        2
 Lee's Rapid Deconstruct  Erth           0%         3d5*      100%        5


Dungeon Overview and Level Annotations

Branches:
Dungeon (2/15)


Innate Abilities, Weirdness & Mutations

Your attributes grow dramatically as you level up.
You have an increased reservoir of magic. (+10% MP)
You shall have no god before yourself.


Message History

Robin barely misses you.
You barely miss Robin.
Robin is severely wounded.
The goblin shouts!
The goblin hits you with a +0 club. The goblin hits you but does no damage.
Robin barely misses you. The goblin hits you but does no damage.
You barely miss Robin.
Robin is severely wounded.
The goblin hits you but does no damage.
Robin roars a battlecry!
The goblins go into a battle-frenzy!
You block the goblin's attack.
The hobgoblin hits you but does no damage.
The goblin hits you but does no damage. Robin throws the goblin at you!
The goblin hits you with a +0 club.
You sock Robin!
You kill Robin!
The goblin hits you with a +0 club. You block the hobgoblin's attack.
The goblin hits you but does no damage. x2; You block the hobgoblin's attack.
The goblin hits you but does no damage. The goblin hits you with a +0 club.
The goblin hits you with a +0 dagger.
You barely miss the goblin. You block the goblin's attack. x2
The hobgoblin hits you but does no damage.
The goblin hits you with a +0 club. The goblin barely misses you.
The goblin hits you but does no damage.
The hobgoblin hits you but does no damage.
You block the goblin's attack. The goblin barely misses you.
The goblin hits you but does no damage. The hobgoblin hits you.
The goblin hits you with a +0 club.
* * * LOW HITPOINT WARNING * * *
You hit the goblin.
You kill the goblin!
The goblin hits you but does no damage.
The hobgoblin hits you but does no damage.
The goblin hits you with a +0 club.
* * * LOW HITPOINT WARNING * * *
You block the goblin's attack. The goblin hits you with a +0 dagger.
* * * LOW HITPOINT WARNING * * *
You block the hobgoblin's attack. The goblin hits you with a +0 club.
You die...

.#.#.# ####+####. .#.#.#
#.........# .#.#.######
#.........# .#.#......#
#.........# .#.#......+
#.........#
.#.#......####.........#
.#.'......'............#
.###......###).ggg.....#
.# #......# #..g@g.....#
.# #......# #..gg).....#
.# #......# #...........
.###......# #..(.......#
###.†.....# #.#....#'#.#
#.......# #.#.#..#.# #
#....#### #.#.#..# #
#....# #. ..# #....#


You could see 2 hobgoblins and 5 goblins.

Vanquished Creatures
  A hound skeleton (D:2)
  Robin (D:2)
  An adder (D:2)
  2 bats (D:1)
  4 endoplasms (D:1)
  A giant cockroach (D:2)
  5 hobgoblins (D:1)
  3 kobolds (D:1)
  A quokka (D:1)
  3 ball pythons (D:1)
  6 frilled lizards (D:1)
  7 goblins
  2 rats (D:1)
37 creatures vanquished.

Notes
Turn   | Place    | Note
-------+----------+-------------------------------------------
     0 | D:1      | Destapler the Demigod Fighter began the quest for the Orb.
     0 | D:1      | Reached XP level 1. HP: 18/18 MP: 3/3
   579 | D:1      | Reached XP level 2. HP: 25/25 MP: 4/4
  1559 | D:2      | Reached XP level 3. HP: 31/31 MP: 5/5
  1587 | D:2      | Identified the +2 helmet "Ceosokh" {rElec rF- Stlth+}
  1587 | D:2      | Noticed Robin
  1596 | D:2      | Killed Robin
  1598 | D:2      | Slain by a goblin

Illustrated notes

Levels and vault maps discovered:
D:1:      dpeg_arrival_arbitrary_a, layout_rooms
D:2:      layout_basic, basic_altar, uniq_robin

Skill      XL: |  1  2 |
---------------+-------+-----
Maces & Flails | 2 |  2.5
Shields        | 3 |  3.2
Armour         | 3 |  3.2
Fighting       | 3 |  3.2

Action                   || total
-------------------------++-------
Melee: Flail             ||   119
  Use: Potion            ||     1
Armor: Scale mail        ||    79
Dodge: Dodged            ||    37
Block: Kite shield       ||    89
